 Dungeon Crawl Stone Soup version 0.28.0-45-g0d030f2227 (webtiles) character file.

Game seed: 5577365825341332330

66 MisterFreud the Changer (level 3, 0/28 HPs)
             Began as a Draconian Transmuter on Apr 27, 2022.
             Slain by a gnoll
             ... wielding a +0 flail
              (12 damage)
             ... on level 2 of the Dungeon.
             The game lasted 00:02:11 (2001 turns).

MisterFreud the Changer (Draconian Transmuter)      Turns: 2001, Time: 00:02:12

Health: 0/28       AC:  6    Str: 12    XL:     3   Next: 96%
Magic:  5/6        EV: 12    Int: 15    God:
Gold:   68         SH:  0    Dex: 11    Spells: 0/6 levels left

rFire   . . .      SeeInvis .     - Unarmed
rCold   . . .      Faith    .   (no shield)
rNeg    . . .      Spirit   .   (armour unavailable)
rPois   .          Reflect  .   (helmet currently unavailable)
rElec   .          Harm     .   h - +0 cloak
rCorr   .          Rampage  .   (no gloves)
Will    .....                   (boots currently unavailable)
Stlth   +.........              (no amulet)
HPRegen 0.09/turn               (no ring)
MPRegen 0.10/turn               (no ring)

@: appendages
A: horns 2, talons 2, AC +5, unfitting armour, cold-blooded
a: End Transformation


You were on level 2 of the Dungeon.
You had temporarily grown beastly horns and talons.
You visited 1 branch of the dungeon, and saw 2 of its levels.

You collected 68 gold pieces.

Inventory:

Missiles
 a - 2 poisoned darts
Armour
 h - a +0 cloak (worn)
Scrolls
 b - a scroll of enchant weapon {unknown}
 c - 2 scrolls of identify {unknown}
 f - a scroll of fog {unknown}
Potions
 d - 2 potions of cancellation {unknown}
 e - a potion of mutation {unknown}
 g - a potion of ambrosia {unknown}


   Skills:
 - Level 1.1 Fighting
 - Level 1.7 Dodging
 - Level 3.0 Unarmed Combat
 - Level 2.0 Spellcasting
 + Level 4.3 Transmutations


You couldn't memorise any spells.
You knew the following spells:

 Your Spells              Type           Power      Damage    Failure   Level
a - Beastly Appendage     Tmut           28%        N/A       3%          1
b - Wereblood             Tmut           14%        N/A       5%          2
c - Spider Form           Tmut/Pois      7%         N/A       28%         3

Your spell library contained the following spells:

 Spells                   Type           Power      Damage    Failure   Level
 Ice Form                 Ice/Tmut       7%         N/A       67%         4


Dungeon Overview and Level Annotations

Branches:
Dungeon (2/15)

Altars:


Innate Abilities, Weirdness & Mutations

You have temporarily grown beastly horns and talons.
Your plain brown scales are hard. (AC +5)
You cannot fit into any form of body armour.
You are cold-blooded and may be slowed by cold attacks.


Message History

A rat is nearby!
A rat is nearby!
You grow a pair of large bovine horns.
Your feet morph into talons.
You hit the rat.
You kill the rat!
Your transformation is almost over.
Found a translucent chain mail.
No target in view!
There is a stone staircase leading down here.
Your horns disappear.
Your talons disappear.
You see here the +6 chain mail of Catatonia {rPois Int+4}.
A frilled lizard comes into view.
The frilled lizard hisses angrily.
A frilled lizard is nearby!
The frilled lizard bites you but does no damage.
You miscast Beastly Appendage.
You are very lightly contaminated with residual magic.
Nothing appears to happen.
The frilled lizard bites you.
You miss the frilled lizard. The frilled lizard closely misses you.
You miss the frilled lizard. The frilled lizard barely misses you.
You hit the frilled lizard.
You kill the frilled lizard!
Your magical contamination has completely faded away.
The gnoll shouts!
A gnoll is nearby!
A gnoll is nearby!
You grow a pair of large bovine horns.
Your feet morph into talons.
The gnoll hits you with a +0 flail.
You barely miss the gnoll. Your headbutt misses the gnoll.
The gnoll hits you but does no damage.
You hit the gnoll but do no damage. Your kick misses the gnoll.
The gnoll hits you but does no damage.
You hit the gnoll. Your kick misses the gnoll. Your headbutt misses the gnoll.
The gnoll is moderately wounded.
The gnoll hits you with a +0 flail!
You are too injured to fight recklessly!
You barely miss the gnoll. Your kick misses the gnoll. You headbutt the gnoll.
The gnoll is moderately wounded.
The gnoll hits you with a +0 flail!
You die...

♣♣♣.♣♣♣♣..........#....
♣.♣♣.......##........
#.#..............####
#.................#..
###........###.#....#
#######........>.........
##..................##....
##.........g..............#
#.........@###......####♣.♣
#..........###.#.##..##....
#.....[............#....♣.♣
#.........................#
#..........###..........♣.♣
##.........# #............#
#..........# #..>.....[.♣.♣
#..........# ##..........##
#........†.# ##...##...##


You could see a gnoll.

Vanquished Creatures
  2 gnolls (D:2)
  7 endoplasms
  A giant cockroach (D:2)
  2 goblins
  6 hobgoblins
  5 jackals
  3 kobolds (D:1)
  3 quokkas
  4 ball pythons
  2 bats
  4 frilled lizards
  4 rats
43 creatures vanquished.

Vanquished Creatures (others)
  2 plants (D:2)
2 creatures vanquished.

Grand Total: 45 creatures vanquished

Notes
Turn   | Place    | Note
-------+----------+-------------------------------------------
     0 | D:1      | MisterFreud the Draconian Transmuter began the quest for
                  | the Orb.
     0 | D:1      | Reached XP level 1. HP: 16/16 MP: 3/3
   386 | D:1      | Reached XP level 2. HP: 20/23 MP: 3/5
   576 | D:1      | Reached skill level 3 in Transmutations
   848 | D:1      | Learned a level 2 spell: Wereblood
  1256 | D:2      | Found a faded altar of an unknown god.
  1264 | D:1      | Reached XP level 3. HP: 24/28 MP: 6/6
  1268 | D:1      | Learned a level 3 spell: Spider Form
  1701 | D:2      | Reached skill level 4 in Transmutations
  1948 | D:2      | Identified the +6 chain mail of Catatonia {rPois Int+4}
  2001 | D:2      | Slain by a gnoll

Illustrated notes

Levels and vault maps discovered:
D:1:      nzn_arrival_settlement, layout_loops_ring
D:2:      layout_rooms, ebering_ecumenical_altar_box, serial_forest,
          infiniplex_forest_end_1, infiniplex_forest_corner_2,
          infiniplex_forest_lined_2, infiniplex_forest_fountain,
          infiniplex_forest_straight_3, infiniplex_forest_lined_4_way

Skill      XL: |  1  2  3 |
---------------+----------+-----
Transmutations | 3 4 |  4.3
Fighting       | |  1.1
Dodging        | |  1.7
Unarmed Combat | |  3.0
Spellcasting   | |  2.0

Action                   || total
-------------------------++-------
Melee: Unarmed           ||   133
       Headbutt          ||    11
       Kick              ||    16
       Tailslap          ||    11
 Cast: Beastly Appendage ||    24
       Spider Form       ||     1
 Stab: Sleeping          ||     2
Armor: Skin              ||    30
Dodge: Dodged            ||    92
